 Dungeon Crawl Stone Soup version 0.25-a0-97-g19cdb01801 (webtiles) character file.

Game seed: 15788216911241399636, levelgen mode: deterministic

84301 MisterFreud the Brawler (level 15, -9/149 HPs)
             Began as a Troll Monk on Nov 11, 2019.
             Was a High Priest of Okawaru.
             Mangled by an emperor scorpion (19 damage)
             ... on level 15 of the Dungeon on Nov 12, 2019.
             The game lasted 00:53:57 (22647 turns).

MisterFreud the Brawler (Troll Monk)               Turns: 22647, Time: 00:53:57

Health: -9/149     AC:  9    Str: 24    XL:     15   Next: 34%
Magic:  17/18      EV: 23    Int:  6    God:    Okawaru [*****.]
Gold:   1744       SH: 18    Dex: 22    Spells: 14/14 levels left

rFire    + . .     SeeInvis .     - Unarmed
rCold    + . .     Gourm    +   U - +0 shield
rNeg     . . .     Faith    .   Y - +2 robe {rC+ rF+}
rPois    .         Spirit   .   M - +1 hat of Limitation {Dex+6 Slay+2}
rElec    .         Reflect  +   j - scarf {repulsion}
rCorr    .         Harm     .   (gloves unavailable)
MR       +++..                  (boots unavailable)
Stlth    ++++......             X - +4 amulet of reflection
HPRegen  0.74/turn              n - ring of protection from magic
MPRegen  0.16/turn              S - ring of protection from magic

@: heroism, very slightly contaminated, repel missiles
A: large, unfitting armour, claws 3, fast metabolism 3, gourmand, regeneration
1, shaggy fur 1, tough skin 3
a: Heroism, Finesse, Renounce Religion


You were on level 15 of the Dungeon.
You worshipped Okawaru.
Okawaru was extremely pleased with you.
You were very full.

You visited 4 branches of the dungeon, and saw 24 of its levels.
You also visited: Sewer.

You collected 2299 gold pieces.
You spent 555 gold pieces at shops.

Inventory:

Missiles
 w - 3 throwing nets (quivered)
 B - 16 javelins
 D - 42 boomerangs
 J - 4 silver boomerangs
 N - 13 large rocks
 T - 2 boomerangs of dispersal
Armour
 j - a scarf of repulsion (worn)
 C - a +2 hat
 M - the +1 hat of Limitation (worn) {Dex+6 Slay+2}
   (Okawaru gifted it to you on level 6 of the Lair of Beasts)

   It affects your dexterity (+6).
   It affects your accuracy and damage with ranged weapons and melee attacks
   (+2).
 R - a +2 cloak of poison resistance
 U - a +0 shield (worn)
 Y - a +2 robe of resistance (worn)
Jewellery
 g - a +4 ring of dexterity
 l - an uncursed ring of magical power
 n - a ring of protection from magic (left claw)
 P - an uncursed ring of protection from fire
 S - a ring of protection from magic (right claw)
 V - an uncursed amulet of rage
 X - a +4 amulet of reflection (around neck)
Wands
 s - a wand of polymorph (16)
 v - a wand of random effects (18)
 K - a wand of acid (20)
 O - a wand of flame (102)
 Q - a wand of iceblast (10)
Scrolls
 d - 4 scrolls of teleportation
 e - a scroll of holy word
 i - 2 scrolls of blinking
 k - 16 scrolls of remove curse
 r - 7 scrolls of identify
 u - a scroll of summoning
 x - 3 scrolls of enchant armour
 y - 5 scrolls of fear
 W - 3 scrolls of magic mapping
Potions
 a - 3 potions of flight
 c - 3 potions of haste
 h - 8 potions of curing
 m - 3 potions of heal wounds
 o - 4 potions of mutation
 p - a potion of ambrosia
 q - 5 potions of lignification
 z - 4 potions of resistance
 A - a potion of invisibility
 E - a potion of berserk rage
 F - 3 potions of cancellation
 G - 2 potions of agility
 H - a potion of degeneration
 I - 3 potions of brilliance
 L - a potion of magic
 Z - 5 potions of might
Miscellaneous
 f - a box of beasts
Comestibles
 b - 40 rations


   Skills:
 - Level 10.0(15.0) Fighting
 - Level 10.0(15.0) Dodging
 - Level 1.0(6.0) Stealth
 - Level 9.0(14.0) Shields
 + Level 18.2(23.2) Unarmed Combat
 - Level 6.0 Invocations


You had 14 spell levels left.
You didn't know any spells.
Your spell library contained the following spells:

 Spells                   Type           Power        Failure   Level  Hunger
 Freeze                   Ice            #...         45%         1    ##.....
 Summon Butterflies       Summ           #.......     45%         1    ##.....
 Ensorcelled Hibernation  Hex/Ice        #.....       58%         2    ###....
 Throw Frost              Conj/Ice       #.....       58%         2    ###....
 Call Canine Familiar     Summ           #.......     83%         3    ####...
 Ozocubu's Armour         Chrm/Ice       #.......     83%         3    ####...
 Summon Ice Beast         Ice/Summ       #.......     99%         4    #####..
 Throw Icicle             Conj/Ice       #.......     99%         4    #####..
 Irradiate                Conj/Tmut      #.........   100%        5    ######.
 Metabolic Englaciation   Hex/Ice        #.........   100%        5    ######.
 Summon Mana Viper        Hex/Summ       #.......     100%        5    ######.
 Freezing Cloud           Conj/Ice/Air   #.........   100%        6    #######
 Hydra Form               Tmut           #.........   100%        6    #######
 Ozocubu's Refrigeration  Ice            #.........   100%        6    #######
 Statue Form              Tmut/Erth      #........    100%        6    #######
 Dragon Form              Tmut           #.........   100%        7    #######
 Summon Hydra             Summ           #.........   100%        7    #######


Dungeon Overview and Level Annotations

Branches:
Dungeon (15/15)            Temple (1/1) D:7            Lair (6/6) D:11
 Shoals (0/4) Lair:3       Spider (0/4) Lair:2        Slime (0/5) Lair:5
    Orc (2/2) D:10            Elf (0/3) Orc:2        Vaults (0/5) D:13
  Sewer (visited)
 Depths: D:15

Altars:
Ashenzari
Cheibriados
Dithmenos
Elyvilon
Fedhas
Kikubaaqudgha
Makhleb
Nemelex Xobeh
Okawaru
Qazlal
Sif Muna
Uskayaw
Xom
Zin
The Shining One
Jiyva

Shops:
D:5 =   D:8 !*   Orc:2 *[}!

Annotations:
D:8 2 transporters, Killmatronix's ghost, journeyman KoHu
D:13 5 runed translucent doors
D:14 2 transporters
Lair:5 2 runed translucent doors, Xuthuik's ghost, journeyman DEFE
Lair:6 1 runed translucent door


Innate Abilities, Weirdness & Mutations

You are too large for most types of armour.
You have claws for hands.
Your metabolism is lightning-fast.
You like to eat raw meat.
Your natural rate of healing is unusually fast.
You are covered in fur. (AC +1)
You have extremely tough skin. (AC +3)


Message History

The centaur warrior wields a +0 longbow.
The centaur warrior shoots an arrow.
The arrow hits you!!
You block the emperor scorpion's attack.
The emperor scorpion claws you but does no damage.
The emperor scorpion claws you!
Blink to where?
Press: ? - help, Dir - move target cursor You are very lightly contaminated with residual magic.
As you read the scroll of blinking, it crumbles to dust.
The manticore misses you. You block the manticore's attack.
The manticore barely misses you. The emperor scorpion stings you!!
* * * LOW HITPOINT WARNING * * *
The emperor scorpion misses you. The emperor scorpion claws you.
* * * LOW HITPOINT WARNING * * *
Unknown command.
The manticore bites you!!
* * * LOW HITPOINT WARNING * * *
You block the manticore's attack. The manticore closely misses you.
The emperor scorpion stings you!!
You die...

.....(....
.........
.........
..c.....##
.........###
.#...(....#
##...cr.##
#..Hs###
#...@.#
###....#
#.....#
....###
......
........
.....#.#.
...... .(..


You could see an emperor scorpion, a centaur warrior, a manticore, a centaur and
a porcupine.

Vanquished Creatures
  Rupert (Lair:3)
  Gastronok (Lair:3)
  Kirke (Lair:4)
  2 entropy weavers
  Azrael (D:12)
  A dire elephant (D:15)
  Snorg (D:12)
  2 ettins
  2 fire dragons
  Erolcha (Orc:2)
  2 hydras
  2 two-headed ogres
  A centaur warrior (D:13)
  13 death yaks
  2 queen ants
  An ogre mage (D:13)
  A tengu warrior (D:15)
  An orc high priest (Orc:2)
  Sonja (Lair:4)
  Nergalle (D:10)
  An unseen horror (D:11)
  3 skeletal warriors
  A swamp dragon (Lair:6)
  Pikel (D:5)
  A lindwurm (Lair:6)
  4 orc knights
  A harpy (shapeshifter) (D:10)
  An oklob plant (D:11)
  A deep elf mage (D:13)
  2 ugly things
  2 orc sorcerers
  3 cyclopes
  2 manticores (D:14)
  An elephant (Lair:4)
  3 black mambas
  A guardian serpent (shapeshifter) (D:14)
  A gargoyle (D:11)
  20 spiny frogs
  5 torpor snails (Lair:6)
  4 komodo dragons
  2 rime drakes
  A freezing wraith (D:14)
  A tengu conjurer (D:14)
  3 trolls
  4 tyrant leeches (Lair:6)
  6 slime creatures
  10 blink frogs
  8 hornets
  A polar bear (Lair:3)
  9 hippogriffs
  6 dream sheep
  A meliai zombie (D:15)
  A spriggan (D:7)
  2 shadows
  6 hogs (Lair:4)
  3 basilisks
  14 yaks
  A vampire (D:12)
  5 hungry ghosts
  2 wyverns
  4 fire elementals (D:12)
  Eustachio (D:5)
  3 steam dragons
  7 vampire mosquitoes
  Menkaure (D:7)
  2 soldier ants
  A two-headed ogre zombie (D:10)
  2 wargs (Orc:1)
  3 acid dragons (Lair:6)
  2 hell hounds (D:12)
  12 water moccasins
  6 porcupines
  An eye of draining (D:10)
  6 ice beasts
  A black bear (D:10)
  4 sky beasts
  15 ogres
  38 orc warriors
  7 necrophages
  A phantom (D:11)
  12 wolves
  19 centaurs
  8 crocodiles
  17 bullfrogs
  3 troll zombies (D:10)
  4 scorpions
  11 wights
  3 killer bees (D:8)
  3 jellies
  2 howler monkeys (D:8)
  2 centaur zombies
  5 crimson imps
  4 quasits
  2 bullfrog skeletons
  6 hounds
  9 orc priests
  5 centaur skeletons
  A gnoll shaman (D:7)
  8 iguanas
  Natasha (twice) (D:3)
  22 orc wizards
  10 worker ants
  A killer bee zombie (D:10)
  4 ogre zombies (D:10)
  3 worker ant zombies
  4 gnolls
  A howler monkey skeleton (D:7)
  9 adders
  A shadow imp (D:5)
  10 worms
  9 leopard geckos
  67 orcs
  10 giant cockroaches
  4 goblins
  7 hobgoblins
  11 jackals
  6 quokkas
  5 ball pythons (Sewer)
  6 bats (D:2)
  9 frilled lizards
  A goblin skeleton (D:10)
  8 goblin zombies (D:10)
  A hobgoblin skeleton (D:10)
  A hobgoblin zombie (D:10)
  9 kobolds
  A leopard gecko zombie (D:6)
  4 orc skeletons (D:10)
  10 orc zombies (D:10)
  A quokka skeleton (D:8)
  5 rats
  A plant (D:11)
666 creatures vanquished.

Vanquished Creatures (others)
  An orc warrior (Orc:2)
  2 slaves (D:5)
  A centaur (D:13)
  2 orc priests (D:5)
  An orc wizard (D:5)
  8 orcs
  6 fungi
  22 plants
43 creatures vanquished.

Grand Total: 709 creatures vanquished

Notes
Turn   | Place    | Note
-------+----------+-------------------------------------------
     0 | D:1      | MisterFreud the Troll Monk began the quest for the Orb.
     0 | D:1      | Reached XP level 1. HP: 22/22 MP: 0/0
   161 | D:1      | Reached XP level 2. HP: 29/29 MP: 1/1
   381 | D:1      | Reached skill level 4 in Unarmed Combat
   863 | D:2      | Reached XP level 3. HP: 36/36 MP: 2/2
  1565 | D:3      | Reached XP level 4. HP: 41/44 MP: 3/3
  1589 | D:3      | Reached skill level 5 in Unarmed Combat
  1637 | D:3      | Found a sparkling altar of Nemelex Xobeh.
  1781 | D:3      | Noticed Natasha
  1785 | D:3      | Killed Natasha
  2255 | D:3      | Noticed Natasha
  2264 | D:3      | Killed Natasha
  2264 | D:3      | Reached XP level 5. HP: 45/50 MP: 4/4
  2674 | D:4      | Noticed an ogre
  2678 | D:4      | Killed an ogre
  2678 | D:4      | Reached skill level 6 in Unarmed Combat
  2691 | D:4      | Noticed an ogre
  2704 | D:4      | Killed an ogre
  2704 | D:4      | Reached XP level 6. HP: 31/59 MP: 5/5
  2878 | D:4      | You fall into a shaft and drop 3 floors!
  2884 | D:7      | Identified Sif Muna's Grimoire of the Snowflakes
  2921 | D:7      | Noticed an orc warrior
  2934 | D:7      | Killed an orc warrior
  2997 | D:7      | Reached XP level 7. HP: 49/66 MP: 6/6
  3093 | D:7      | Reached skill level 5 in Dodging
  3267 | D:7      | Noticed a hungry ghost
  3292 | D:7      | Killed a hungry ghost
  3292 | D:7      | Reached XP level 8. HP: 73/74 MP: 7/7
  3518 | D:7      | Noticed Menkaure
  3533 | D:7      | HP: 2/74 [orc warrior/+0 dire flail (17)]
  3840 | D:5      | Entered Level 5 of the Dungeon
  3940 | D:5      | Found a glowing drain.
  3952 | Sewer    | Entered a sewer
  4349 | D:5      | Noticed Eustachio
  4361 | D:5      | Killed Eustachio
  4394 | D:5      | Found a burning altar of Makhleb.
  4503 | D:5      | Noticed Pikel
  4516 | D:5      | Killed Pikel
  4516 | D:5      | Reached XP level 9. HP: 29/80 MP: 8/8
  4785 | D:5      | Found Arianl Qemy's Jewellery Shop.
  5274 | D:6      | Found a hide-covered altar of Uskayaw.
  5794 | D:6      | Reached skill level 10 in Dodging
  6105 | D:7      | Killed Menkaure
  6105 | D:7      | Reached skill level 7 in Unarmed Combat
  6259 | D:7      | Found a staircase to the Ecumenical Temple.
  6269 | Temple   | Entered the Ecumenical Temple
  6340 | Temple   | Became a worshipper of Warmaster Okawaru
  6340 | Temple   | Reached * piety under Okawaru
  6340 | Temple   | Reached ** piety under Okawaru
  6720 | D:8      | Reached skill level 8 in Unarmed Combat
  6737 | D:8      | Found Henib's Distillery.
  6773 | D:8      | Reached XP level 10. HP: 90/94 MP: 9/9
  6788 | D:8      | Bought a potion of resistance for 100 gold pieces
  6788 | D:8      | Bought a potion of cancellation for 80 gold pieces
  6788 | D:8      | Bought a potion of agility for 40 gold pieces
  6788 | D:8      | Bought a potion of degeneration for 10 gold pieces
  6788 | D:8      | Bought a potion of lignification for 30 gold pieces
  6788 | D:8      | Bought a potion of brilliance for 40 gold pieces
  7000 | D:8      | Found a transporter.
  7000 | D:8      | Noticed Killmatronix's ghost (journeyman KoHu)
  7002 | D:8      | Noticed a deep elf mage
  7110 | D:8      | Reached *** piety under Okawaru
  7256 | D:8      | Found a transporter.
  7263 | D:8      | Found Mesitaagoq's Mayhem Merchandise.
  7272 | D:8      | Reached skill level 5 in Fighting
  7816 | D:9      | Reached skill level 9 in Unarmed Combat
  8118 | D:10     | Entered Level 10 of the Dungeon
  8196 | D:10     | Noticed a harpy
  8205 | D:10     | Killed a harpy
  8246 | D:10     | Found a staircase to the Orcish Mines.
  8302 | D:10     | Reached skill level 10 in Unarmed Combat
  8494 | D:10     | Reached **** piety under Okawaru
  8494 | D:10     | Reached skill level 1 in Invocations
  8530 | D:10     | Reached XP level 11. HP: 74/107 MP: 7/11
  8624 | D:10     | Found an ancient bone altar of Kikubaaqudgha.
  8733 | D:10     | Noticed Nergalle
  8738 | D:10     | Killed Nergalle
  8740 | D:10     | Reached ***** piety under Okawaru
  9017 | D:11     | Noticed a seven-headed hydra
  9116 | D:11     | Noticed an oklob plant
  9120 | D:11     | Found a staircase to the Lair.
  9162 | D:11     | Killed an unseen horror
  9267 | D:11     | Noticed an ettin
  9267 | D:11     | a seven-headed hydra changed into an ettin
  9277 | D:11     | Killed an ettin
  9373 | D:11     | Reached skill level 5 in Invocations
  9841 | D:12     | Paralysed by a hornet for 1 turns
  9952 | D:12     | Noticed Azrael
 10357 | D:12     | Reached skill level 1 in Shields
 10389 | D:12     | Noticed a two-headed ogre
 10402 | D:12     | Killed a two-headed ogre
 10402 | D:12     | Received a gift from Okawaru
 10621 | D:12     | Killed Azrael
 10621 | D:12     | Reached XP level 12. HP: 32/123 MP: 9/15
 10821 | D:12     | Noticed Snorg
 10835 | D:12     | Killed Snorg
 10835 | D:12     | Reached ****** piety under Okawaru
 10835 | D:12     | Received a gift from Okawaru
 11002 | D:13     | Noticed an ettin
 11003 | D:13     | Noticed a seven-headed hydra
 11004 | D:13     | Found a large runed translucent door.
 11142 | Lair:1   | Entered Level 1 of the Lair of Beasts
 11345 | Lair:1   | Reached skill level 10 in Fighting
 11697 | Lair:1   | Noticed a five-headed hydra
 11729 | Lair:1   | Killed a five-headed hydra
 11729 | Lair:1   | Reached skill level 5 in Shields
 12498 | Lair:2   | Reached skill level 11 in Unarmed Combat
 12826 | Lair:2   | Found a hole to the Spider Nest.
 13204 | Lair:3   | Noticed Gastronok
 13225 | Lair:3   | Killed Gastronok
 13248 | Lair:3   | Noticed Rupert
 13265 | Lair:3   | Killed Rupert
 13265 | Lair:3   | Received a gift from Okawaru
 13265 | Lair:3   | Received a gift from Okawaru
 13265 | Lair:3   | Reached XP level 13. HP: 102/133 MP: 8/16
 13379 | Lair:3   | Found a staircase to the Shoals.
 13392 | Lair:3   | Noticed an entropy weaver
 13392 | Lair:3   | a five-headed hydra changed into an entropy weaver
 13397 | Lair:3   | Killed an entropy weaver
 13485 | Lair:3   | Reached skill level 12 in Unarmed Combat
 14835 | Lair:4   | Noticed Sonja
 14839 | Lair:4   | Noticed a fire dragon
 14839 | Lair:4   | a five-headed hydra changed into a fire dragon
 14845 | Lair:4   | Killed a fire dragon
 14869 | Lair:4   | Reached skill level 13 in Unarmed Combat
 15056 | Lair:4   | Noticed an entropy weaver
 15056 | Lair:4   | a six-headed hydra changed into an entropy weaver
 15068 | Lair:4   | Killed an entropy weaver
 15096 | Lair:4   | Killed Sonja
 15437 | Lair:4   | Received a gift from Okawaru
 15673 | Lair:5   | Noticed Kirke
 15716 | Lair:5   | Found a runed translucent door.
 15717 | Lair:5   | Found a shimmering altar of Xom.
 15717 | Lair:5   | Noticed Xuthuik's ghost (journeyman DEFE)
 15935 | Lair:4   | Noticed a sphinx
 15935 | Lair:4   | Killed Kirke
 15935 | Lair:4   | Reached skill level 14 in Unarmed Combat
 15935 | Lair:4   | Reached XP level 14. HP: 40/143 MP: 17/17
 16276 | Lair:5   | Found a runed translucent door.
 16276 | Lair:5   | Found a viscous altar of Jiyva.
 16276 | Lair:5   | Noticed an acid blob
 16277 | Lair:5   | Found a staircase to the Slime Pits.
 16694 | Lair:6   | Entered Level 6 of the Lair of Beasts
 16859 | Lair:6   | Received a gift from Okawaru
 16945 | Lair:6   | Found a runed translucent door.
 16983 | Lair:6   | Paralysed by a hornet for 3 turns
 17337 | Lair:6   | Reached skill level 15 in Unarmed Combat
 18100 | Lair:6   | Received a gift from Okawaru
 18101 | Lair:6   | Got an encrusted hat {god gift}
 18331 | Lair:6   | Identified the +1 hat of Limitation {Dex+6 Slay+2} (Okawaru
                  | gifted it to you on level 6 of the Lair of Beasts)
 18651 | Lair:6   | Reached skill level 16 in Unarmed Combat
 19000 | Orc:1    | Entered Level 1 of the Orcish Mines
 19349 | Orc:2    | Entered Level 2 of the Orcish Mines
 19793 | Orc:2    | Noticed Erolcha
 19806 | Orc:2    | Killed Erolcha
 20060 | Orc:2    | Found a staircase to the Elven Halls.
 20369 | Orc:2    | Found Nifedyfipho's Armour Shop.
 20369 | Orc:2    | Found Seuchei's Gadget Shoppe.
 20371 | Orc:2    | Found Unga's Distillery.
 20373 | Orc:2    | Found Mafeefidet's General Store.
 20380 | Orc:2    | Bought a potion of heal wounds for 60 gold pieces
 20380 | Orc:2    | Bought a potion of curing for 36 gold pieces
 20380 | Orc:2    | Bought a potion of resistance for 120 gold pieces
 20385 | Orc:2    | Bought a potion of curing for 39 gold pieces
 20526 | Orc:1    | Reached skill level 17 in Unarmed Combat
 20870 | D:13     | Found a large runed translucent door.
 20949 | D:13     | Reached XP level 15. HP: 103/149 MP: 18/18
 20954 | D:13     | Received a gift from Okawaru
 21101 | D:13     | Found a gate to the Vaults.
 21548 | D:13     | Found a runed translucent gate.
 21548 | D:13     | Found a runed translucent gate.
 21548 | D:13     | Found a runed translucent gate.
 21773 | D:13     | Upgraded the game from 0.25-a0-96-g4073cf80fb to
                  | 0.25-a0-97-g19cdb01801
 22099 | D:14     | Noticed an acid blob
 22254 | D:14     | Found a transporter.
 22255 | D:14     | Found a transporter.
 22486 | D:15     | Entered Level 15 of the Dungeon
 22513 | D:15     | Reached skill level 18 in Unarmed Combat
 22647 | D:15     | Mangled by an emperor scorpion

Levels and vault maps discovered:
D:1:      lightli_arrival_statue_moat, layout_basic
D:2:      layout_basic
D:3:      layout_loops_corners, nemelex_spade_bored_becter, uniq_natasha
D:4:      layout_basic, yredelemnul_forgotten_temple_becter
D:5:      layout_loops_corners, marbit_many_paths, serial_shops,
          nicolae_shop_statue_plus, first_ration, cheibrodos_sewer_entry_bend,
          uniq_eustachio, uniq_pikel
D:6:      layout_basic, basic_altar
D:7:      layout_basic, minmay_temple_entry_drinking_statues, the_bakery,
          uniq_menkaure
D:8:      layout_basic, gammafunk_ghost_arena, serial_shops,
          nicolae_shop_statue_plus, minmay_shop_mayhem
D:9:      layout_rooms
D:10:     layout_loops_ring, zombieorc2_lemuel, basic_altar, uniq_nergalle
D:11:     layout_roguey, dpeg_oklobed_lair
D:12:     layout_roguey, uniq_azrael, uniq_snorg
D:13:     layout_loops_corners, hangedman_vaults_entry_quadrant_bands,
          ploomutoo_gammafunk_ghost_potion_laboratory, jmf_multi_god_temple2
D:14:     gammafunk_jiyva_shrine, layout_small_grid
D:15:     hangedman_depths_entry_try_elsewhere_first, layout_cave_pools,
          portal_ice_cave_entry_imps
Temple:   regret_index_temple_chain_breaker
Lair:1:   layout_small_grid, minivault_24, minivault_23, beast_lair_carwin_7
Lair:2:   layout_chaotic_city, dummy_spider_entry
Lair:3:   layout_regular_city, elwin_shoals_entry_rocks, roderic_carrion_pond,
          uniq_rupert, uniq_gastronok
Lair:4:   layout_long_grid, minmay_shattered_shrine, lemuel_fruit_fields,
          serial_bayou_shore_b, uniq_sonja
Lair:5:   layout_regular_city, slime_altar_2, ebering_ghost_xom,
          chequers_serial_rivers_small_3, wad_woods_road_01,
          serial_bayou_shore_b, uniq_kirke
Lair:6:   wormcave, layout_small_grid, guppyfry_lair_end_dragon
Orc:1:    layout_caves
Orc:2:    st_orc_rangers, layout_caves, uniq_erolcha

Skill      XL: |  1  2  3  4  5  6  7  8  9 10 11 12 13 14 15 |
---------------+----------------------------------------------+-----
Unarmed Combat | 4 5 6 8 10 11 14 17 18 | 18.2
Dodging        | 3 4 6 9 10 | 10.0
Fighting       | 4 6 9 10 | 10.0
Invocations    | 2 6 |  6.0
Shields        | 3 6 9 |  9.0
Stealth        | |  1.0

Action                   |  1- 3 |  4- 6 |  7- 9 | 10-12 | 13-15 || total
-------------------------+-------+-------+-------+-------+-------++-------
Melee: Unarmed           |    92 |    92 |   408 |   834 |  1104 ||  2530
       Punch             |     5 |     4 |    14 |    26 |       ||    49
Invok: Heroism           |       |       |       |     4 |    15 ||    19
       Finesse           |       |       |       |     2 |     6 ||     8
Evoke: Wand              |       |       |       |    10 |    12 ||    22
  Use: Scroll            |       |       |     7 |    14 |    12 ||    33
       Potion            |       |       |       |     2 |     3 ||     5
 Stab: Sleeping          |     2 |     2 |     2 |    13 |     5 ||    24
       Distracted        |       |     1 |     1 |     2 |       ||     4
  Eat: Chunk             |    19 |    14 |    44 |    55 |    93 ||   225
       Ration            |       |       |       |     1 |       ||     1
Armor: Robe              |    35 |     9 |    95 |    30 |    96 ||   265
       Steam dragon scal |       |       |       |    46 |       ||    46
       Troll leather arm |       |       |       |    81 |    10 ||    91
Dodge: Dodged            |    44 |    22 |   224 |   402 |   483 ||  1175
       Deflected         |     1 |     1 |     4 |     4 |    29 ||    39
Block: Shield            |       |       |       |   193 |   776 ||   969
       Reflection        |       |       |       |       |    76 ||    76

Table legend:
 A = Non-vault XP
 B = Vault XP
 C = Vault XP percentage of total XP
 D = Non-vault monster count
 E = Vault monster count
 F = Vault count percentage of total count
                 A         B        C        D         E       F
            +---------+---------+-------+---------+---------+-------
      Total |   66827 |   53604 |  44.5 |     466 |     208 |  30.9
            +---------+---------+-------+---------+---------+-------
        D:1 |      38 |       0 |   0.0 |      15 |       0 |   0.0
        D:2 |      51 |       0 |   0.0 |      19 |       0 |   0.0
        D:3 |     103 |      35 |  25.4 |      23 |       1 |   4.2
        D:4 |     282 |       0 |   0.0 |       5 |       0 |   0.0
        D:5 |     299 |     931 |  75.7 |      17 |       5 |  22.7
        D:6 |     552 |       0 |   0.0 |      10 |       0 |   0.0
        D:7 |    1935 |     389 |  16.7 |      40 |       2 |   4.8
        D:8 |    1933 |       0 |   0.0 |      38 |       0 |   0.0
        D:9 |     972 |       0 |   0.0 |      15 |       0 |   0.0
       D:10 |    2926 |    1849 |  38.7 |      22 |      37 |  62.7
       D:11 |    3800 |     580 |  13.2 |      21 |       1 |   4.5
       D:12 |    3537 |    4149 |  54.0 |      25 |       9 |  26.5
       D:13 |    1769 |    9211 |  83.9 |      14 |      22 |  61.1
       D:14 |    6917 |       0 |   0.0 |      24 |       0 |   0.0
       D:15 |    2672 |    1245 |  31.8 |       8 |       1 |  11.1
     Lair:1 |    3846 |    2432 |  38.7 |      21 |       6 |  22.2
     Lair:2 |    2526 |       0 |   0.0 |      11 |       0 |   0.0
     Lair:3 |    9569 |    5938 |  38.3 |      22 |       7 |  24.1
     Lair:4 |    3551 |   11383 |  76.2 |      12 |      23 |  65.7
     Lair:5 |    2653 |       0 |   0.0 |       7 |       0 |   0.0
     Lair:6 |   10611 |    9761 |  47.9 |      29 |      33 |  53.2
      Orc:1 |    2329 |       0 |   0.0 |      18 |       0 |   0.0
      Orc:2 |    3956 |    5492 |  58.1 |      50 |      41 |  45.1
      Sewer |       0 |     209 | 100.0 |       0 |      20 | 100.0
            +---------+---------+-------+---------+---------+-------
